 Dungeon Crawl Stone Soup version 0.23.0 (webtiles) character file.

Game seed: 10488086139775343604

1563 Inarius the Chopper (level 8, -3/75 HPs)
             Began as a Minotaur Venom Mage on Feb 16, 2019.
             Was a Believer of Makhleb.
             Slain by an orc warrior
             ... wielding a +0 battleaxe
              (14 damage)
             ... on level 6 of the Dungeon.
             The game lasted 00:12:29 (7410 turns).

Inarius the Chopper (Minotaur Venom Mage)           Turns: 7410, Time: 00:12:29

Health: -3/75      AC: 19    Str: 14    XL:     8   Next: 58%
Magic:  9/9        EV:  2    Int: 12    God:    Makhleb [**....]
Gold:   316        SH:  7    Dex: 12    Spells: 8/9 levels left

rFire    . . .     SeeInvis .   v - +1 hand axe
rCold    . . .     Gourm    .   q - +0 shield
rNeg     . . .     Faith    .   l - +0 plate armour
rPois    .         Spirit   .   (helmet restricted)
rElec    .         Reflect  .   h - +0 cloak
rCorr    .         Harm     .   o - +0 pair of gloves
MR       .....     Clarity  +   f - +1 pair of boots
Stlth    ..........             (no amulet)
HPRegen  0.22/turn              (no ring)
MPRegen  0.11/turn              (no ring)

@: lightly drained
A: retaliatory headbutt, horns 2, thin metallic scales 1, clarity, robust 1,
evolution 1
a: Minor Destruction, Renounce Religion


You were on level 6 of the Dungeon.
You worshipped Makhleb.
Makhleb was pleased with you.
You were hungry.

You visited 2 branches of the dungeon, and saw 7 of its levels.

You collected 316 gold pieces.

Inventory:

Hand Weapons
 r - the +3 long sword of Doubt {slice, rElec rN++ Dex-2 Stlth+}
   (You took it off a crimson imp on level 6 of the Dungeon)

   It inflicts extra damage upon your enemies.
   It affects your dexterity (-2).
   It insulates you from electricity.
   It greatly protects you from negative energy.
   It makes you more stealthy.
 v - a +1 hand axe (weapon)
Armour
 f - a +1 pair of boots (worn)
 h - a +0 cloak (worn)
 l - a +0 plate armour (worn)
 o - a +0 pair of gloves (worn)
 q - a +0 shield (worn)
Wands
 n - a wand of acid (8)
Scrolls
 d - 2 scrolls of magic mapping
 g - 2 scrolls of enchant armour
 j - a scroll of teleportation
 k - a scroll of random uselessness {unknown}
 p - 2 scrolls of fog
 u - a scroll of blinking
Potions
 a - 2 potions of invisibility
 b - 2 potions of curing
 e - a potion of heal wounds {unknown}
 i - a potion of ambrosia
 m - a potion of flight
Comestibles
 c - 11 rations


   Skills:
 + Level 5.5(5.1) Fighting
   Level 1.0(0.6) Short Blades
 * Level 7.5(7.1) Axes
 + Level 6.6(6.2) Armour
 - Level 2.1(1.8) Dodging
 - Level 1.5(1.2) Stealth
 + Level 2.0(1.7) Shields
 - Level 1.3(1.0) Spellcasting
 - Level 0.6(0.2) Conjurations
 - Level 2.1(1.8) Poison Magic
 * Level 3.6(3.2) Invocations


You had 8 spell levels left.
You knew the following spells:

 Your Spells              Type           Power        Failure   Level  Hunger
a - Sting                 Conj/Pois      #...         100%        1    ##.....

Your spell library contained the following spells:

 Spells                   Type           Power        Failure   Level  Hunger
 Summon Small Mammal      Summ           #...         100%        1    ##.....
 Call Imp                 Summ           #.......     100%        2    ###....
 Poisonous Vapours        Pois/Air       #.....       100%        2    ###....
 Call Canine Familiar     Summ           #.......     100%        3    ####...
 Mephitic Cloud           Conj/Pois/Air  #.......     100%        3    ####...
 Summon Guardian Golem    Hex/Summ       #.......     100%        3    ####...
 Olgreb's Toxic Radiance  Pois           #.......     100%        4    #####..
 Summon Ice Beast         Ice/Summ       #.......     100%        4    #####..
 Summon Lightning Spire   Summ/Air       #.......     100%        4    #####..
 Venom Bolt               Conj/Pois      #.........   100%        5    ######.


Dungeon Overview and Level Annotations

Branches:
Dungeon (6/15)             Temple (1/1) D:4

Altars:
Ashenzari
Cheibriados
Dithmenos
Fedhas
Gozag
Kikubaaqudgha
Makhleb
Okawaru
Ru
Sif Muna
Trog
Xom
Yredelemnul
Zin


Innate Abilities, Weirdness & Mutations

You reflexively headbutt those who attack you in melee.
You have a pair of horns on your head.
You are partially covered in thin metallic scales. (AC +2)
You possess an exceptional clarity of mind.
You are robust. (+10% HP)
You evolve.


Message History

You hit the orc but do no damage. The orc hits you but does no damage.
Unknown command.
Unknown command.
You closely miss the orc warrior.
The orc warrior is severely wounded.
You hit the orc.
You kill the orc!
Makhleb accepts your kill.
You feel better. You block the orc warrior's attack.
Unknown command.
Unknown command.
You hit the orc warrior. Your headbutt misses the orc warrior.
The orc warrior is almost dead.
The orc warrior hits you with a +0 battleaxe!
* * * LOW HITPOINT WARNING * * *
Unknown command.
Your shield and plate armour prevent you from hitting the orc warrior.
The orc warrior is almost dead.
The orc warrior hits you with a +0 battleaxe!
You die...

######### #....... #.....>..
....... #........
##.....###........
#.......##........
#.......##........
#[......##........
#...)o##.........
.########.##.S@##..##.#########
.....................# #....
.....###.#..#....########....
##...###.##..................
####..............###.######....
...............#..###.# #....
#...<...........># #....
###....[..#..###..## ##.##
.###≈..≈..[...........#######.##


You could see an orc warrior and an adder.

Vanquished Creatures
  Pikel (D:4)
  Eustachio (D:4)
  Duvessa (D:6)
  A slave (D:3)
  An ogre (D:6)
  Dowan (D:6)
  A scorpion (D:5)
  5 wights
  2 crimson imps
  A bullfrog zombie (D:6)
  2 hounds
  2 orc priests
  An iguana (D:3)
  A worker ant (D:6)
  A hound zombie (D:6)
  A hound skeleton (D:4)
  4 adders
  2 oozes
  2 worms
  6 dart slugs
  4 leopard geckos
  16 orcs
  2 ball pythons
  4 bats
  A giant cockroach (D:3)
  4 goblins
  6 hobgoblins
  7 jackals
  2 quokkas
  3 frilled lizards
  A jackal skeleton (D:5)
  8 kobolds
  8 rats
103 creatures vanquished.

Vanquished Creatures (others)
  A hound (D:4)
  An orc wizard (D:4)
  An orc priest (D:4)
  A worker ant (D:4)
  A worm (D:4)
  2 orcs (D:4)
  A quokka (D:4)
8 creatures vanquished.

Grand Total: 111 creatures vanquished

Notes
Turn   | Place    | Note
-------+----------+-------------------------------------------
     0 | D:1      | Inarius the Minotaur Venom Mage began the quest for the
                  | Orb.
     0 | D:1      | Reached XP level 1. HP: 14/14 MP: 1/1
   130 | D:1      | Reached skill level 1 in Armour
   271 | D:1      | Reached skill level 1 in Fighting
   728 | D:1      | Reached XP level 2. HP: 8/23 MP: 0/3
  1629 | D:2      | Reached XP level 3. HP: 27/29 MP: 1/4
  2045 | D:2      | Found a blossoming altar of Fedhas.
  2064 | D:2      | Found an opulent altar of Gozag.
  2064 | D:2      | Found a snail-covered altar of Cheibriados.
  2276 | D:2      | Found a shimmering altar of Xom.
  2277 | D:2      | Found a burning altar of Makhleb.
  2281 | D:2      | Became a worshipper of Makhleb the Destroyer
  2826 | D:3      | Reached skill level 1 in Short Blades
  3011 | D:3      | Found an iron altar of Okawaru.
  3259 | D:3      | Reached XP level 4. HP: 19/37 MP: 5/5
  3322 | D:3      | Reached skill level 1 in Invocations
  3751 | D:4      | Reached * piety under Makhleb
  4056 | D:3      | Gained mutation: You are partially covered in thin metallic
                  | scales. (AC +2) [potion of mutation]
  4056 | D:3      | Gained mutation: You are robust. (+10% HP) [potion of
                  | mutation]
  4056 | D:3      | Gained mutation: You evolve. [potion of mutation]
  4060 | D:3      | Reached XP level 5. HP: 8/49 MP: 6/6
  4334 | D:4      | Noticed a slave
  4350 | D:4      | Noticed Pikel
  4359 | D:3      | Gained mutation: You possess an exceptional clarity of
                  | mind. [evolution]
  4380 | D:3      | Killed a slave
  4610 | D:4      | Reached skill level 1 in Axes
  4612 | D:4      | Noticed a slave
  4669 | D:4      | Killed Pikel
  4669 | D:4      | Reached skill level 3 in Axes
  4669 | D:4      | Reached skill level 5 in Armour
  4669 | D:4      | Reached XP level 6. HP: 7/60 MP: 7/7
  4669 | D:4      | Reached XP level 7. HP: 7/66 MP: 8/8
  4995 | D:4      | Found a deep blue altar of Sif Muna.
  5057 | D:4      | Found a staircase to the Ecumenical Temple.
  5087 | Temple   | Entered the Ecumenical Temple
  5182 | D:4      | Noticed Eustachio
  5206 | D:4      | Killed Eustachio
  5206 | D:4      | Reached skill level 5 in Fighting
  5206 | D:4      | Reached skill level 4 in Axes
  5448 | D:4      | Found a shadowy altar of Dithmenos.
  5591 | D:5      | Entered Level 5 of the Dungeon
  5591 | D:5      | Found a shattered altar of Ashenzari.
  5855 | D:5      | Reached skill level 5 in Axes
  5937 | D:5      | Found an ancient bone altar of Kikubaaqudgha.
  5940 | D:5      | Found a glowing silver altar of Zin.
  5943 | D:5      | Found an iron altar of Okawaru.
  6135 | D:6      | Noticed Duvessa
  6145 | D:6      | Noticed Dowan
  6419 | D:5      | Reached XP level 8. HP: 72/74 MP: 9/9
  6501 | D:6      | Reached skill level 6 in Axes
  6501 | D:6      | Reached skill level 1 in Shields
  6593 | D:6      | Killed Duvessa
  6743 | D:6      | Killed Dowan
  6920 | D:6      | Found a basalt altar of Yredelemnul.
  6981 | D:6      | Found a blossoming altar of Fedhas.
  6992 | D:6      | Identified the +3 long sword of Doubt {slice, rElec rN++
                  | Dex-2 Stlth+}
  6998 | D:6      | Reached ** piety under Makhleb
  7022 | D:6      | Reached skill level 7 in Axes
  7410 | D:6      | Slain by an orc warrior

Skill      XL: |  1  2  3  4  5  6  7  8 |
---------------+-------------------------+-----
Armour         | 1 2 3 5 6 |  6.6
Fighting       | 1 2 3 4 5 |  5.5
Short Blades   | 1 |  1.0
Invocations    | 1 2 3 |  3.6
Axes           | 3 5 7 |  7.5
Shields        | 2 |  2.0
Dodging        | |  2.1
Stealth        | |  1.5
Spellcasting   | |  1.3
Conjurations   | |  0.6
Poison Magic   | |  2.1

Action                   |  1- 3 |  4- 6 |  7- 9 || total
-------------------------+-------+-------+-------++-------
Melee: Club              |    13 |       |       ||    13
       Short sword       |    17 |       |       ||    17
       Headbutt          |    15 |    21 |    43 ||    79
       Whip              |    63 |       |       ||    63
       Hand axe          |    13 |   143 |   243 ||   399
 Cast: Sting             |    16 |       |       ||    16
Evoke: Wand              |       |       |     1 ||     1
  Use: Scroll            |     5 |       |     3 ||     8
       Potion            |       |     9 |     1 ||    10
 Stab: Sleeping          |     3 |       |       ||     3
  Eat: Chunk             |     7 |     5 |     9 ||    21
Armor: Robe              |    18 |       |       ||    18
       Leather armour    |     8 |       |       ||     8
       Ring mail         |     4 |    46 |    88 ||   138
       Skin              |       |    44 |       ||    44
       Plate armour      |       |       |    53 ||    53
Dodge: Dodged            |    65 |    70 |    79 ||   214
Block: Shield            |       |       |    93 ||    93
